 Dungeon Crawl Stone Soup version 0.28-a0-664-gc179e30c89 (webtiles) character file.

Game seed: 3632021701551928204

73 bande the Shield-Bearer (level 4, 0/28 HPs)
             Began as a Gargoyle Fighter on Oct 17, 2021.
             Slain by Grinder (1 damage)
             ... while paralysed by Grinder
             ... on level 3 of the Dungeon.
             The game lasted 00:03:48 (1946 turns).

bande the Shield-Bearer (Gargoyle Fighter)          Turns: 1946, Time: 00:03:49

Health: 0/28       AC: 11    Str: 21    XL:     4   Next: 27%
Magic:  4/4        EV:  2    Int:  8    God:
Gold:   106        SH:  0    Dex:  9    Spells: 3/3 levels left

rFire   + . .      SeeInvis .   a - +1 war axe
rCold   . . .      Faith    .   c - +1 buckler
rNeg    + . .      Spirit   .   b - +0 scale mail
rPois   ∞          Reflect  .   f - +0 helmet
rElec   +          Harm     .   (no cloak)
rCorr   .          Rampage  .   (no gloves)
Will    .....                   (no boots)
Stlth   ..........              (no amulet)
HPRegen 0.09/turn               g - ring of protection from fire
MPRegen 0.09/turn               (no ring)

@: paralysed, mighty
A: sickness immunity, AC +3, negative energy resistance 1, electricity
resistance, torment resistance 1, petrification resistance
a: no special abilities


You were on level 3 of the Dungeon.
You visited 1 branch of the dungeon, and saw 3 of its levels.

You collected 106 gold pieces.

Inventory:

Hand Weapons
 a - a +1 war axe (weapon)
Armour
 b - a +0 scale mail (worn)
 c - a +1 buckler (worn)
 f - a +0 helmet (worn)
Jewellery
 g - a ring of protection from fire (left hand)
Potions
 e - a potion of curing
 h - a potion of degeneration {unknown}
 i - a potion of flight {unknown}
 j - a potion of haste {unknown}
 k - 3 potions of heal wounds {unknown}


   Skills:
 + Level 3.6 Fighting
 + Level 3.0 Axes
 + Level 3.8 Armour
 + Level 3.8 Shields


You had 3 spell levels left.
You didn't know any spells.
Your spell library contained the following spells:

 Spells                   Type           Power      Damage    Failure   Level
 Beastly Appendage        Tmut           0%         N/A       75%         1
 Magic Dart               Conj           0%         1d3       75%         1
 Call Imp                 Summ           0%         N/A       87%         2
 Wereblood                Tmut           0%         N/A       87%         2
 Gell's Gravitas          Tloc           0%         N/A       98%         3
 Mephitic Cloud           Conj/Pois/Air  0%         N/A       98%         3
 Spider Form              Tmut/Pois      0%         N/A       98%         3
 Teleport Other           Tloc           0%         N/A       98%         3
 Dispersal                Tloc           0%         N/A       100%        6


Dungeon Overview and Level Annotations

Branches:
Dungeon (3/15)

Altars:

Annotations:
D:3 Grinder


Innate Abilities, Weirdness & Mutations

You are immune to sickness and miasma.
Your stone body is resilient. (AC +3)
You are immune to poison.
You resist negative energy. (rN+)
You are resistant to electric shocks. (rElec)
You are resistant to unholy torment.
You are immune to petrification.


Message History

Unknown command.
You hit Grinder.
Grinder is lightly wounded.
Grinder hits you.
You writhe in agony.
You barely miss Grinder.
Grinder is lightly wounded.
Grinder hits you but does no damage.
Unknown command.
You slash Grinder!
Grinder is heavily wounded.
Grinder hits you!
You writhe in agony.
Grinder says, "There's only one good use for a tongue: cutting it out."
Grinder hits you but does no damage.
Unknown command.
You barely miss Grinder.
Grinder is heavily wounded.
Grinder blinks!
Unknown command.
You block the adder's attack. The adder barely misses you.
You block the adder's attack. Grinder gestures at you.
You suddenly lose the ability to move!
The adder bites you but does no damage. x5
Grinder hits you but does no damage.
You can move again.
You barely miss the adder. You hit Grinder. You block the adder's attack.
Grinder hits you but does no damage. The adder bites you but does no damage.
You slice the adder!!
You kill the adder!
You closely miss Grinder. Grinder gestures at you.
You suddenly lose the ability to move!
Grinder gestures at you. Pain shoots through your body!
* * * LOW HITPOINT WARNING * * *
Your Axes skill increases to level 3!
Grinder hits you.
* * * LOW HITPOINT WARNING * * *
You writhe in agony.
You die...

......
#.#####...###.#####.#
.##.#.#..#
#...#......##.#
.....#..#
#.....#.##.##.# ###
#.#..# #...###.......#
....# ###.......##.##.#
.#...?.....####.##.##.#
......#.##.# #.##.##.#
#.#..5....# #.##.##.# #.
#>#@#######.......#
#.#..#..†......####.####
..##.#.###.....# #.#
....... #.....# #.####
.......###.....# #....#
##...........# ####.#
#..#.######## #.# ##...#
#.# #.####..#
##########.#


You could see Grinder.

Vanquished Creatures
  Robin (D:2)
  An adder (D:3)
  A worm (D:2)
  5 bats
  6 endoplasms (D:1)
  4 giant cockroaches
  15 goblins
  A hobgoblin (D:2)
  2 quokkas
  2 ball pythons
  2 frilled lizards
  4 kobolds
  3 rats
47 creatures vanquished.

Notes
Turn   | Place    | Note
-------+----------+-------------------------------------------
     0 | D:1      | bande the Gargoyle Fighter began the quest for the Orb.
     0 | D:1      | Reached XP level 1. HP: 14/14 MP: 1/1
   233 | D:1      | Found a faded altar of an unknown god.
   268 | D:1      | Reached XP level 2. HP: 19/19 MP: 2/2
   495 | D:1      | You fall into a shaft and drop 1 floor!
   524 | D:2      | Noticed Robin
   532 | D:2      | Killed Robin
   533 | D:2      | Reached XP level 3. HP: 20/23 MP: 3/3
  1268 | D:2      | Reached XP level 4. HP: 26/28 MP: 4/4
  1920 | D:3      | Noticed Grinder
  1923 | D:3      | Paralysed by Grinder for 6 turns
  1939 | D:3      | Paralysed by Grinder for 5 turns
  1945 | D:3      | Paralysed by Grinder for 7 turns
  1946 | D:3      | HP: 1/28 [Grinder (5)]
  1946 | D:3      | Slain by Grinder

Illustrated notes

Levels and vault maps discovered:
D:1:      minmay_arrival_plants_in_alcoves, layout_loops_ring,
          basic_ecumenical_altar
D:2:      layout_loops_ring, uniq_robin
D:3:      layout_loops_cross, uniq_grinder, uniq_jessica

Skill      XL: |  1  2  3  4 |
---------------+-------------+-----
Axes           | 2 3 |  3.0
Fighting       | |  3.6
Armour         | |  3.8
Shields        | |  3.8

Action                   |  1- 3 |  4- 6 || total
-------------------------+-------+-------++-------
Melee: War axe           |    90 |    24 ||   114
  Use: Scroll            |     3 |     3 ||     6
       Potion            |       |     2 ||     2
Armor: Scale mail        |    49 |    20 ||    69
Dodge: Dodged            |    47 |     5 ||    52
Block: Buckler           |    25 |     6 ||    31

Table legend: (Time is in decaauts)
 A = Elapsed time spent in this place.
 B = Non-inter-level travel time spent in this place.
 C = Inter-level travel time spent in this place.
 D = Time resting spent in this place.
 E = Time spent auto-exploring this place.
 F = Levels seen in this place.
 G = Mean time per level.
                   A        B        C        D        E       F      G
               +--------+--------+--------+--------+--------+-----+--------+
         Total |   1989 |   1927 |     62 |      0 |   1540 |   3 |  663.0 |
       Dungeon |   1989 |   1927 |     62 |      0 |   1540 |   3 |  663.0 |
               +--------+--------+--------+--------+--------+-----+--------+

Top non-repeatable levels by time:
     D:2: 909 daAuts
     D:1: 908 daAuts
     D:3: 172 daAuts
